 Dungeon Crawl Stone Soup version 0.30-a0-989-g0d87f670db (webtiles) character file.

Game seed: 16267428261285427001

541 Zdeegee the Sneak (level 7, -1/35 HPs)
             Began as a Vine Stalker Brigand on Apr 2, 2023.
             Slain by an ogre
             ... wielding a +0 giant club
              (24 damage)
             ... on level 4 of the Dungeon.
             The game lasted 00:08:25 (2877 turns).

Zdeegee the Sneak (Vine Stalker Brigand)            Turns: 2877, Time: 00:08:25

Health: -1/35      AC:  6    Str: 13    XL:     7   Next: 26%
Magic:  0/9        EV: 12    Int: 11    God:
Gold:   181        SH:  0    Dex: 18    Spells: 6/6 levels left

rFire   . . .      SeeInvis .    j - +0 rapier
rCold   + . .      Faith    .    (no shield)
rNeg    . . .      Spirit   +    g - +2 leather armour {rC+}
rPois   .          Reflect  .    (no helmet)
rElec   .          Rampage  .    c - +0 cloak
rCorr   .                        (no gloves)
Will    .....                    (no boots)
Stlth   +++                      (no amulet)
HPRegen 1.05/turn                (no ring)
MPRegen 0.11/turn                (no ring)

@: no status effects
A: fangs 2, regeneration 1, magic shield, antimagic bite, no potion heal 2
a: no special abilities


You were on level 4 of the Dungeon.
You visited 1 branch of the dungeon, and saw 4 of its levels.

You collected 181 gold pieces.

Inventory:

Hand Weapons
 a - a +2 dagger
 j - a +0 rapier (weapon)
 r - a +1 short sword of venom
Missiles
 d - 14 poisoned darts (quivered)
 e - 3 curare-tipped darts
Armour
 b - a +0 robe
 c - a +0 cloak (worn)
 g - a +2 leather armour of cold resistance (worn)
 l - a +2 buckler
Wands
 q - a wand of quicksilver (6)
Scrolls
 f - a scroll of silence
 k - a scroll of fear {unknown}
 m - 2 scrolls of poison
 p - a scroll of immolation
 s - a scroll of fog
 u - a scroll of amnesia {unknown}
 w - a scroll of teleportation {unknown}
Potions
 h - a potion of flight
 i - a potion of curing
 n - a potion of resistance
 o - a potion of haste
 t - 2 potions of degeneration {unknown}
 v - a potion of cancellation {unknown}


   Skills:
 * Level 2.8 Fighting
 * Level 3.6 Short Blades
 + Level 1.8 Throwing
 + Level 0.3 Armour
 * Level 1.8 Dodging
 * Level 6.4 Stealth
 * Level 1.1 Shields
 * Level 2.1 Hexes
 * Level 2.1 Invocations
 * Level 1.7 Evocations


You had 6 spell levels left.
You didn't know any spells.
Your spell library contained the following spells:

 Spells                   Type           Power      Damage    Failure   Level
 Necrotise                Necr           0%         1d4       41%         1
 Sandblast                Erth           0%         2d4       41%         1
 Passwall                 Tmut/Erth      0%         N/A       56%         2
 Summon Guardian Golem    Hex/Summ       2%         N/A       65%         3
 Stone Arrow              Conj/Erth      0%         3d7       80%         3
 Vampiric Draining        Necr           0%         2d6       80%         3
 Agony                    Necr           0%         N/A       100%        5
 Orb of Destruction       Conj           0%         9d5       100%        7
 Spellforged Servitor     Conj/Summ      0%         N/A       100%        7


Dungeon Overview and Level Annotations

Branches:
Dungeon (4/15)
 Temple: D:4-7

Altars:
Ashenzari
Fedhas
Trog
Wu Jian

Shops:
D:3 (

Annotations:
D:4 Dowan, Duvessa


Innate Abilities, Weirdness & Mutations

You have extremely sharp teeth.
Your natural rate of healing is unusually fast.
When hurt, damage is shared between your health and your magic reserves.
Your bite disrupts and absorbs the magic of your enemies.
Potions cannot restore your health.


Message History

The jackal barely misses you.
You see here a +0 leather armour.
Throw: 18 darts (poison)
Press: ? - help, Q - select action, (/) - cycle Shift-Dir - straight line, f/p - ogre
Aim: an ogre, wielding a +0 giant club (severely wounded, 76% to hit)
You throw a poisoned dart.
The poisoned dart closely misses the jackal.
The poisoned dart hits the ogre.
The ogre is severely wounded.
The jackal bites you but does no damage.
Unknown command.
Unknown command.
Throw: 17 darts (poison)
Press: ? - help, Q - select action, (/) - cycle Shift-Dir - straight line, f/p - ogre
Aim: an ogre, wielding a +0 giant club (severely wounded, 76% to hit)
You throw a poisoned dart. The poisoned dart hits the jackal.
The jackal is poisoned.
The jackal misses you. The jackal attacks as you move away!
The jackal bites you but does no damage. x2
Throw: 16 darts (poison)
Press: ? - help, Q - select action, (/) - cycle Shift-Dir - straight line, f/p - ogre
Aim: an ogre, wielding a +0 giant club (severely wounded, 76% to hit)
You throw a poisoned dart. The poisoned dart hits the jackal.
The jackal looks even sicker.
The jackal bites you but does no damage.
The jackal attacks as you move away! The jackal closely misses you.
The jackal bites you but does no damage.
You kill the jackal!
Throw: 15 darts (poison)
Press: ? - help, Q - select action, (/) - cycle Shift-Dir - straight line, f/p - ogre
Aim: an ogre, wielding a +0 giant club (severely wounded, 76% to hit)
You throw a poisoned dart. The poisoned dart hits the ogre.
The ogre is poisoned.
The ogre is severely wounded.
You hit the ogre. You bite the ogre. You drain its power.
You feel invigorated.
The ogre is almost dead.
The ogre hits you with a +0 giant club!!
Ouch! That really hurt!
You die...

####.##........
#....†.#######.
#.##.#.# # #.#.#
#.# #.#.# #.#
#.#.# #.. ##.#.#
#.. #....# #..
##@### #.. #O#
######### #. #(#
#.......# # #.#
###...###.# # #.#
#.......#.#### #†#
#.....(...†(..
#.###.......#.####
#..(((...)....#
#######...#####


You could see an ogre (poisoned).

Vanquished Creatures
  Eustachio (D:3)
  A black bear (D:4)
  A scorpion (D:3)
  A howler monkey (D:4)
  An orc priest (D:3)
  A hound (D:4)
  A sleepcap (D:4)
  An orc wizard (D:3)
  2 adders
  An ufetubus (D:4)
  A worm (D:3)
  3 dart slugs
  2 orcs (D:3)
  6 endoplasms
  5 giant cockroaches
  9 goblins
  7 hobgoblins
  12 jackals
  A quokka (D:2)
  9 ball pythons
  3 bats
  A frilled lizard (D:1)
  14 kobolds
  4 rats
88 creatures vanquished.

Notes
Turn   | Place    | Note
-------+----------+-------------------------------------------
     0 | D:1      | Zdeegee the Vine Stalker Brigand began the quest for the
                  | Orb.
     0 | D:1      | Reached XP level 1. HP: 11/11 MP: 2/2
   120 | D:1      | Reached skill level 5 in Stealth
   120 | D:1      | Reached XP level 2. HP: 15/15 MP: 3/3
   500 | D:1      | Reached skill level 1 in Hexes
   563 | D:1      | Reached XP level 3. HP: 18/18 MP: 4/4
  1060 | D:2      | Gained mutation: Your natural rate of healing is unusually
                  | fast. [Vine Stalker growth]
  1060 | D:2      | Reached XP level 4. HP: 14/23 MP: 2/5
  1608 | D:3      | Found Naxteb's Antique Weapon Shoppe.
  1682 | D:3      | Reached skill level 1 in Dodging
  1682 | D:3      | Reached skill level 1 in Invocations
  1694 | D:3      | Reached skill level 1 in Evocations
  1694 | D:3      | Reached XP level 5. HP: 8/27 MP: 3/6
  1769 | D:3      | Found a bloodstained altar of Trog.
  1803 | D:3      | Reached skill level 6 in Stealth
  1818 | D:3      | Found an ornate altar of the Wu Jian Council.
  1848 | D:3      | Found a blossoming altar of Fedhas.
  2073 | D:3      | Found a broken altar of Ashenzari.
  2202 | D:4      | Noticed Eustachio
  2260 | D:3      | Killed Eustachio
  2261 | D:3      | Reached XP level 6. HP: 10/32 MP: 2/8
  2401 | D:4      | Noticed Dowan
  2402 | D:4      | Noticed Duvessa
  2412 | D:4      | Reached skill level 1 in Shields
  2633 | D:4      | Noticed a black bear
  2655 | D:4      | Killed a black bear
  2656 | D:4      | Reached XP level 7. HP: 34/35 MP: 9/9
  2877 | D:4      | Slain by an ogre

Illustrated notes

Levels and vault maps discovered:
D:1:      sevenhm_arrival_forest_fort_small_6, layout_loops_ring
D:2:      cheibrodos_helix_gallery, layout_basic
D:3:      layout_rooms, mainiacjoe_overflow_catwalk, nicolae_ashenzari_skybound,
          lemuel_tele_altar, pdpol_wu_jian_five_deadly_venoms, serial_shops,
          nicolae_shop_stone
D:4:      layout_loops_cross, grunt_temple_overflow_order_and_chaos_1,
          minmay_temple_entry_slanted, chequers_arboretum, uniq_duvessa,
          uniq_eustachio

Skill      XL: |  1  2  3  4  5  6  7 |
---------------+----------------------+-----
Stealth        | 5 6 |  6.4
Fighting       | 2 |  2.8
Short Blades   | 2 3 |  3.6
Hexes          | 1 2 |  2.1
Dodging        | 1 |  1.8
Invocations    | 1 2 |  2.1
Evocations     | 1 |  1.7
Shields        | 1 |  1.1
Throwing       | |  1.8
Armour         | |  0.3

Action                     |  1- 3 |  4- 6 |  7- 9 || total
---------------------------+-------+-------+-------++-------
  Melee: Dagger            |    36 |       |       ||    36
         Bite              |    17 |    40 |    15 ||    72
         Rapier            |    43 |   128 |    28 ||   199
  Throw: Dart              |       |     5 |    10 ||    15
  Evoke: Wand              |       |     2 |       ||     2
    Use: Potion            |     2 |       |       ||     2
         Scroll            |       |     6 |       ||     6
   Stab: Sleeping          |    11 |     5 |     1 ||    17
 Armour: Robe              |    24 |    30 |       ||    54
         Leather armour    |       |    12 |    13 ||    25
  Dodge: Dodged            |    39 |    91 |    21 ||   151

Table legend: (Time is in decaauts)
 A = Elapsed time spent in this place.
 B = Non-inter-level travel time spent in this place.
 C = Inter-level travel time spent in this place.
 D = Time resting spent in this place.
 E = Time spent auto-exploring this place.
 F = Levels seen in this place.
 G = Mean time per level.
                   A        B        C        D        E       F      G
               +--------+--------+--------+--------+--------+-----+--------+
         Total |   2872 |   2793 |     79 |    129 |   1847 |   4 |  718.0 |
       Dungeon |   2872 |   2793 |     79 |    129 |   1847 |   4 |  718.0 |
               +--------+--------+--------+--------+--------+-----+--------+

Top non-repeatable levels by time:
     D:3: 896 daAuts
     D:2: 779 daAuts
     D:1: 733 daAuts
     D:4: 463 daAuts
